 Dungeon Crawl Stone Soup version 0.29.1-14-g9c671dbff4 (webtiles) character file.

Game seed: 13376154857210010655

7 112233 the Gusty (level 1, -1/13 HPs)
             Began as a Demonspawn Air Elementalist on Feb 13, 2023.
             Was a Follower of Nemelex Xobeh.
             Slain by a goblin
             ... wielding a +0 club
              (4 damage)
             ... on level 1 of the Dungeon.
             The game lasted 00:00:48 (708 turns).

112233 the Gusty (Demonspawn Air Elementalist)       Turns: 708, Time: 00:00:48

Health: -1/13      AC:  2    Str:  8    XL:     1   Next: 91%
Magic:  1/3        EV: 12    Int: 16    God:    Nemelex Xobeh [*.....]
Gold:   0          SH:  0    Dex: 13    Spells: 3/4 levels left

rFire   . . .      SeeInvis .   b - +0 dagger
rCold   . . .      Faith    .   (no shield)
rNeg    . . .      Spirit   .   a - +0 robe
rPois   .          Reflect  .   (no helmet)
rElec   .          Harm     .   (no cloak)
rCorr   .          Rampage  .   (no gloves)
Will    .....                   (no boots)
Stlth   ++........              (no amulet)
HPRegen 0.04/turn               (no ring)
MPRegen 0.08/turn               (no ring)

@: no status effects
A: no striking features
a: Renounce Religion, Draw Escape, Draw Destruction, Draw Summoning


You were on level 1 of the Dungeon.
You worshipped Nemelex Xobeh.
Nemelex Xobeh was aware of your devotion.
You visited 1 branch of the dungeon, and saw 1 of its levels.

Inventory:

Hand Weapons
 b - a +0 dagger (weapon)
Armour
 a - a +0 robe (worn)
Scrolls
 c - a scroll of teleportation {unknown}
 e - a scroll of identify {unknown}


   Skills:
 - Level 1.8 Dodging
 - Level 1.8 Stealth
 + Level 2.4 Spellcasting
 - Level 1.0 Conjurations
 - Level 2.7 Air Magic


You had 3 spell levels left.
You knew the following spells:

 Your Spells              Type           Power      Damage    Failure   Level
a - Shock                 Conj/Air       32%        1d5       9%          1

Your spell library contained the following spells:

 Spells                   Type           Power      Damage    Failure   Level
 Static Discharge         Conj/Air       8%         3-4/arc   14%         2
 Swiftness                Air            10%        N/A       19%         3
 Airstrike                Air            5%         2d(1-17)  54%         4


Dungeon Overview and Level Annotations

Branches:
Dungeon (1/15)

Altars:
Nemelex Xobeh


Message History

Confirm with . or Enter, or press ? or * to list all spells.
You don't have enough magic to cast this spell.
The giant cockroach attacks as you move away!
The giant cockroach bites you. The goblin misses you.
The giant cockroach bites you but does no damage.
You closely miss the giant cockroach. The goblin misses you.
The giant cockroach closely misses you.
You hit the giant cockroach.
The giant cockroach is severely wounded.
The goblin hits you but does no damage. The giant cockroach barely misses you.
You closely miss the giant cockroach.
The giant cockroach is severely wounded.
The goblin hits you with a +0 club. The giant cockroach barely misses you.
You hit the giant cockroach but do no damage.
The giant cockroach is severely wounded.
The giant cockroach barely misses you. The goblin barely misses you.
Unknown command.
You hit the giant cockroach but do no damage.
The giant cockroach is severely wounded.
The giant cockroach bites you but does no damage.
The goblin hits you with a +0 club. The giant cockroach misses you.
You hit the giant cockroach but do no damage.
The giant cockroach is severely wounded.
The goblin barely misses you. The giant cockroach closely misses you.
You completely miss the giant cockroach.
The giant cockroach is severely wounded.
The goblin barely misses you.
The giant cockroach bites you but does no damage.
The dart slug barely misses you.
You barely miss the giant cockroach.
The giant cockroach is severely wounded.
The goblin hits you with a +0 club.
* * * LOW HITPOINT WARNING * * *
The giant cockroach barely misses you. The dart slug misses you.
Unknown command.
You barely miss the giant cockroach.
The giant cockroach is severely wounded.
The giant cockroach barely misses you. The goblin hits you with a +0 club.
You die...
Your body disappears without a glow.

#.###.####..#..†.~~~.~..#.###.##
#.# #.# ##.#...~.≈≈~~~~#... #.#
#.# #.#....≈._≈......... #.# #.#
##.#...~.≈≈~~~~#......# #.# #.#
#..#..~.~~~.~..#†##.#.. #.# #.#
#...#~.~...~~.#... .. . #.# #.#
#.....~.....~#...## #. ##.#
#....w#.....#...... ...#
#....B@#####.....## ##.#
#....g#.....#....# ######.
#.....#####.#... ....... ##..#.#
# .)..... ...........w...
###...# #..#..#.#####.# .......
..)...#.# .....## ####. ...
####.# #. #.#


You could see a dart slug, a giant cockroach and a goblin.

Vanquished Creatures
  2 bats (D:1)
  A kobold (D:1)
  A quokka (D:1)
  2 frilled lizards (D:1)
  2 rats (D:1)
8 creatures vanquished.

Notes
Turn   | Place    | Note
-------+----------+-------------------------------------------
     0 | D:1      | 112233 the Demonspawn Air Elementalist began the quest for
                  | the Orb.
     0 | D:1      | Reached XP level 1. HP: 13/13 MP: 3/3
   531 | D:1      | Found a faded altar of an unknown god.
   633 | D:1      | Prayed at the altar of an unknown god.
   633 | D:1      | Became a worshipper of Nemelex Xobeh the Trickster
   633 | D:1      | Reached * piety under Nemelex Xobeh
   708 | D:1      | Slain by a goblin

Illustrated notes

Levels and vault maps discovered:
D:1:      spicycebolla_arrival_clurvy, layout_basic,
          shapermc_ecumenical_altar_starsandcircs, kennysheep_doodads,
          corexii_hall_statues_i, st_stairs_8

Action                   || total
-------------------------++-------
Melee: Unarmed           ||    24
       Dagger            ||     9
 Cast: Shock             ||    22
  Use: Potion            ||     2
Armor: Robe              ||    12
Dodge: Dodged            ||    47
